AoeStats
← VIT Liereyy

Arabia

508435279Analyzed
1v1 RM · 10d ago on Sep 22, 2026· 20m 18s· 2 players
Game mode
Random Map
Map size
Tiny (2 player)
Population
200
Speed
Normal
Resources
Standard
Victory
Conquest
Starting age
Dark Age
Ending age
Imperial Age
RankedLock teamsTeams togetherTeam positionsShared explorationLock speedFull tech treeHidden civsTurbo modeCheats
Victory
Defeat
🇦🇷 Gurjaras · Argentina
2682
+25
🇦🇹 Tatars · Austria
2917
-25
VIT Liereyy
8:44 Loom
10:52 Feudal Age
11:24 Double-Bit Axe
12:53 Horse Collar
16:37 Fletching
21:25 Castle Age
wR.Monoz
8:32 Feudal Age
9:19 Double-Bit Axe
12:39 Loom
18:21 Castle Age
17:01 Gold Mining
17:55 Horse Collar
18:13 Fletching
18:24 Crossbowman
18:59 Bodkin Arrow
21:01 Ballistics
Connection lost

Rejoining the realm…

Still unreachable

The connection could not be restored.

Session expired

The server has moved on; the page needs a fresh start.